AoeStats
← khalil_II

QS Arena

503477277Analyzed
2v2 RM · 1mo ago on Aug 31, 2026· 35m 47s· 4 players
Game mode
Random Map
Map size
Medium (4 player)
Population
200
Speed
Normal
Resources
Standard
Victory
Conquest
Starting age
Dark Age
Ending age
Imperial Age
RankedLock teamsTeams togetherTeam positionsShared explorationLock speedFull tech treeHidden civsTurbo modeCheats
Victory
Defeat
🇫🇷 Poles · France
927
+15
🇷🇺 Slavs · Russia
847
+18
🇦🇷 Chinese · Argentina
899
-17
🇦🇷 Portuguese · Argentina
899
-17
khalil_II
0:30 Loom
9:43 Feudal Age
13:56 Castle Age
12:11 Double-Bit Axe
12:15 Horse Collar
16:29 Town Watch
20:26 Wheelbarrow
23:31 Fletching
24:29 Bodkin Arrow
29:44 Imperial Age
27:32 Gold Mining
29:44 Thumb Ring
29:42 Padded Archer Armor
30:15 Heavy Rocket Cart
31:42 Gold Shaft Mining
32:04 Conscription
32:07 Bracer
33:42 Conscription
abboood1998
3:27 Loom
10:59 Feudal Age
12:18 Wheelbarrow
11:28 Town Watch
11:34 Double-Bit Axe
11:41 Gold Mining
11:38 Horse Collar
22:10 Castle Age
21:26 Stone Mining
22:08 Forging
21:59 Scale Mail Armor
22:04 Scale Barding Armor
22:12 Bloodlines
21:57 Man-at-Arms
22:52 Husbandry
22:12 Light Cavalry
23:34 Iron Casting
23:28 Hand Cart
23:33 Bow Saw
23:36 Gambesons
23:12 Long Swordsman
24:52 Town Patrol
27:30 Heavy Plow
29:25 Stone Shaft Mining
29:50 Caravan
34:05 Murder Holes
34:21 Masonry
statere26
3:13 Loom
8:22 Feudal Age
14:52 Castle Age
13:13 Horse Collar
13:26 Double-Bit Axe
29:43 Imperial Age
28:51 Scale Mail Armor
29:25 Bow Saw
29:50 Fletching
30:43 Heavy Plow
32:18 Light Cavalry
33:13 Scale Barding Armor
34:32 Chain Barding Armor
36:26 Forging
36:30 Bloodlines
Michael
9:17 Feudal Age
7:39 Loom
16:43 Castle Age
16:49 Scale Mail Armor
17:47 Double-Bit Axe
20:53 Wheelbarrow
20:44 Horse Collar
21:43 Town Watch
25:15 Forging
26:01 Fortified Wall
25:48 Murder Holes
26:35 Husbandry
26:46 Bloodlines
26:54 Bloodlines
27:29 Scale Barding Armor
27:38 Detinets
29:59 Bow Saw
29:59 Heavy Plow
32:30 Iron Casting
32:17 Chain Barding Armor
37:35 Imperial Age
Connection lost

Rejoining the realm…

Still unreachable

The connection could not be restored.

Session expired

The server has moved on; the page needs a fresh start.